 Dungeon Crawl Stone Soup version 0.22-b1-26-g9dbaab1112 (webtiles) character file.

1142 ErikD the Basher (level 8, -5/70 HPs)
             Began as a Minotaur Berserker on Aug 7, 2018.
             Was a Priest of Trog.
             Slain by an ogre
             ... wielding a +0 giant club
              (10 damage)
             ... on level 7 of the Dungeon on Aug 8, 2018.
             The game lasted 00:15:38 (3137 turns).

ErikD the Basher (Minotaur Berserker)               Turns: 3137, Time: 00:15:38

Health: -5/70      AC: 14    Str: 24    XL:     8   Next: 15%
Magic:  7/7        EV:  9    Int:  4    God:    Trog [***...]
Gold:   138        SH:  0    Dex: 10    Spells: 7/7 levels left

rFire    . . .     SeeInvis .   a - +0 mace
rCold    . . .     Gourm    .   (no shield)
rNeg     . . .     Faith    .   m - +3 chain mail
rPois    .         Spirit   .   (helmet restricted)
rElec    .         Reflect  .   f - +0 cloak
rCorr    .         Harm     .   (no gloves)
MR       .....                  (no boots)
Stlth    ..........             (no amulet)
HPRegen  0.21/turn              (no ring)
MPRegen  0.10/turn              (no ring)

@: berserk cooldown, slowed, glowing, drained, very slow
A: retaliatory headbutt, horns 2
a: Berserk, Trog's Hand, Renounce Religion


You were on level 7 of the Dungeon.
You worshipped Trog.
Trog was most pleased with you.
You were hungry.

You visited 1 branch of the dungeon, and saw 5 of its levels.

You collected 138 gold pieces.

Inventory:

Hand Weapons
 a - a +0 mace (weapon)
 e - a +0 hunting sling
Missiles
 g - 112 stones (quivered)
 i - 30 arrows
 r - 17 sling bullets
 s - 3 poisoned tomahawks
Armour
 f - a +0 cloak (worn)
 m - a +3 chain mail (worn)
Jewellery
 l - an uncursed ring of flight
Wands
 n - a wand of flame (29)
 v - a wand of clouds (4)
Scrolls
 b - a scroll of random uselessness {unknown}
 d - a scroll of identify
 h - 2 scrolls of enchant weapon {unknown}
 j - a scroll of remove curse {unknown}
 o - a scroll of immolation {unknown}
 p - 2 scrolls of magic mapping {unknown}
 w - 2 scrolls of blinking {unknown}
Potions
 q - a potion of degeneration {unknown}
 t - a potion of curing {unknown}
 u - a potion of lignification {unknown}
 x - a potion of flight {unknown}
Comestibles
 c - 5 rations
 k - 4 chunks of flesh


   Skills:
 + Level 6.2(5.4) Fighting
 + Level 8.0(7.2) Maces & Flails
 + Level 2.4(1.8) Slings
 + Level 0.2(0.7) Throwing
 + Level 5.7(5.0) Armour
 + Level 3.7(3.0) Dodging
 + Level 1.7(1.0) Stealth


You had 7 spell levels left.
You didn't know any spells.
Your spell library was empty.

Dungeon Overview and Level Annotations

Branches:
Dungeon (4/15)
 Temple: D:4-7

Altars:


Innate Abilities, Weirdness & Mutations

You reflexively headbutt those who attack you in melee.
You have a pair of horns on your head.


Message History

You see here a robe.
The gnoll shaman hits you with a whip of draining.
* * * LOW HITPOINT WARNING * * *
You feel drained.
* * * LOW HITPOINT WARNING * * *
Found a short sword.
The howler monkey hoots and howls with incredible vigour!
An ogre comes into view. It is wielding a giant club.
An ice beast comes into view.
The gnoll hits you but does no damage.
The ice beast moves out of view.
You hear a croak.
A scorpion comes into view.
The gnoll hits you but does no damage. The gnoll shaman closely misses you.
The gnoll hits you from afar with a spear.
* * * LOW HITPOINT WARNING * * *
The gnoll shaman mumbles some strange prayers to its god against you.
You are outlined in light.
The gnoll hits you but does no damage.
The howler monkey hoots and howls with incredible vigour!
The ogre hits you with a giant club!
You die...

..#.#.## ...#... .#
#....####.# .........#.
###########s.........
.........#..###.....
.>....$.....Z......#
#########o.h.gg..##.#
$.....)o..###.g.@O..#
.####g#####..)...##...#
o... .....Y...# ...
#.ogg............. .
#.................#
...........####.##.#
##......... #.. ..
#.........= #.. ...


You could see an ice beast, an ogre, a gnoll shaman, a scorpion, a howler
monkey, 2 gnolls, an orc and an adder skeleton.

Vanquished Creatures
  Harold (D:7)
  A centaur (D:2)
  A howler monkey (D:4)
  An orc priest (D:4)
  A hound (D:7)
  Ijyb (D:3)
  Natasha (thrice) (D:2)
  Robin (D:3)
  3 adders
  An adder skeleton (D:4)
  A worm (D:3)
  2 dart slugs
  7 leopard geckos
  10 orcs
  A ball python (D:2)
  8 bats
  4 giant cockroaches
  11 hobgoblins
  6 jackals
  2 quokkas
  10 frilled lizards
  13 goblins
  A jackal skeleton (D:4)
  10 kobolds
  7 rats
107 creatures vanquished.

Notes
Turn   | Place    | Note
-------+----------+-------------------------------------------
     0 | D:1      | ErikD the Minotaur Berserker began the quest for the Orb.
     0 | D:1      | Reached XP level 1. HP: 19/19 MP: 0/0
   308 | D:1      | Reached skill level 4 in Maces & Flails
   308 | D:1      | Reached XP level 2. HP: 27/27 MP: 1/1
   392 | D:1      | Upgraded the game from 0.22-b1-21-g5cfc1688f2 to 0.22-b1-26-g9dbaab1112
   692 | D:1      | Reached ** piety under Trog
   692 | D:1      | Reached XP level 3. HP: 33/33 MP: 2/2
  1498 | D:2      | Reached XP level 4. HP: 41/41 MP: 3/3
  1574 | D:3      | Noticed Robin
  1608 | D:3      | Noticed a centaur
  1620 | D:2      | Killed a centaur
  1620 | D:2      | Reached skill level 5 in Maces & Flails
  1620 | D:2      | Reached XP level 5. HP: 31/47 MP: 4/4
  1797 | D:3      | Reached *** piety under Trog
  1800 | D:3      | Killed Robin
  1989 | D:3      | Noticed Natasha
  2004 | D:2      | Killed Natasha
  2004 | D:2      | Reached skill level 1 in Slings
  2109 | D:2      | Noticed Natasha
  2121 | D:2      | Killed Natasha
  2423 | D:2      | Noticed Natasha
  2428 | D:2      | Killed Natasha
  2428 | D:2      | Reached skill level 1 in Stealth
  2428 | D:2      | Reached XP level 6. HP: 54/55 MP: 5/5
  2491 | D:3      | Received a gift from Trog
  2597 | D:3      | Noticed Ijyb
  2609 | D:3      | Killed Ijyb
  2609 | D:3      | Reached skill level 6 in Maces & Flails
  2943 | D:4      | Reached skill level 5 in Fighting
  3101 | D:4      | You fall through a shaft for 3 floors!
  3101 | D:7      | Noticed Harold
  3114 | D:7      | Noticed an orc warrior
  3126 | D:7      | Killed Harold
  3126 | D:7      | Reached skill level 8 in Maces & Flails
  3126 | D:7      | Reached skill level 5 in Armour
  3126 | D:7      | Reached XP level 7. HP: 10/63 MP: 6/6
  3126 | D:7      | Reached XP level 8. HP: 11/70 MP: 7/7
  3137 | D:7      | Slain by an ogre

Skill      XL: |  1  2  3  4  5  6 |
---------------+-------------------+-----
Maces & Flails | 4 5 8 |  8.0
Fighting       | 4 6 |  6.2
Armour         | 3 5 |  5.7
Dodging        | 3 |  3.7
Slings         | 1 2 |  2.4
Stealth        | 1 |  1.7
Throwing       | |  0.2

Action                   |  1- 3 |  4- 6 |  7- 9 || total
-------------------------+-------+-------+-------++-------
Melee: Mace              |    93 |   173 |       ||   266
       Headbutt          |    11 |    29 |       ||    40
 Fire: Hunting sling     |     2 |    11 |       ||    13
Throw: Stone             |       |     9 |       ||     9
Invok: Berserk           |       |     3 |       ||     3
  Use: Scroll            |     1 |     1 |       ||     2
  Eat: Chunk             |     2 |     7 |       ||     9
Armor: Animal skin       |    18 |       |       ||    18
       Chain mail        |    18 |   115 |     6 ||   139
       Scale mail        |    14 |       |       ||    14
Dodge: Dodged            |    72 |    88 |     4 ||   164
